 Dungeon Crawl Stone Soup version 0.29.0-4-gdea44cf6ec (webtiles) character file.

Game seed: 4114488855591792710

17747 qw the Brawler (level 12, -1/118 HPs)
             Began as a Troll Cinder Acolyte on Aug 31, 2022.
             Was an Initiate of Okawaru.
             Slain by an eight-headed hydra (13 damage)
             ... on level 4 of the Lair of Beasts.
             The game lasted 00:04:58 (11091 turns).

qw the Brawler (Troll Cinder Acolyte)              Turns: 11091, Time: 00:04:59

Health: -1/118     AC:  9    Str: 29    XL:     12   Next: 21%
Magic:  12/12      EV: 10    Int: 10    God:    Okawaru [......]
Gold:   380        SH:  0    Dex: 11    Spells: 13/13 levels left

rFire   . . .      SeeInvis +     - Unarmed
rCold   + . .      Faith    .   (no shield)
rNeg    . . .      Spirit   .   g - +1 steam dragon scales
rPois   +          Reflect  .   (helmet restricted)
rElec   .          Harm     .   d - +0 cloak
rCorr   .          Rampage  .   (gloves unavailable)
Will    .....                   (boots unavailable)
Stlth   ..........              (no amulet)
HPRegen 1.09/turn               o - ring "Guannu" {rPois rF++ Dex+6 SInv Stlth-}
MPRegen 0.13/turn               m - ring of protection from cold

@: about to teleport, fire susceptible
A: large, unfitting armour, claws 3, regeneration 1, shaggy fur 1, tough skin 1
a: Renounce Religion


You were on level 4 of the Lair of Beasts.
You worshipped Okawaru.
Okawaru was noncommittal.
You visited 3 branches of the dungeon, and saw 14 of its levels.

You collected 704 gold pieces.
You spent 324 gold pieces at shops.


Innate Abilities, Weirdness & Mutations

You are too large for most types of armour.
You have claws for hands.
Your natural rate of healing is unusually fast.
You are covered in fur. (AC +1)
You have tough skin. (AC +1)


   Skills:
 - Level 7.0 Fighting
 - Level 6.0 Throwing
 - Level 2.1 Armour
 - Level 3.0 Dodging
 + Level 16.7 Unarmed Combat
 - Level 1.0 Spellcasting
 - Level 2.1 Fire Magic


You had 13 spell levels left.
You didn't know any spells.
Your spell library contained the following spells:

 Spells                   Type           Power      Damage    Failure   Level
 Scorch                   Fire           8%         2d5       22%         2

Inventory:

Missiles
 j - a javelin (quivered)
Armour
 d - a +0 cloak (worn)
 g - +1 steam dragon scales (worn)
Jewellery
 m - a ring of protection from cold (right claw)
 o - the ring "Guannu" (left claw) {rPois rF++ Dex+6 SInv Stlth-}
   (You acquired it on level 6 of the Dungeon)

   [ring of dexterity]

   Dex:       It affects your dexterity (+6).
   rF:        It greatly protects you from fire.
   rPois:     It protects you from poison.
   SInv:      It lets you see invisible.
   Stlth:     It makes you less stealthy.
 p - a ring of poison resistance
Scrolls
 b - 3 scrolls of enchant weapon
 k - 2 scrolls of identify
 l - 5 scrolls of teleportation
Potions
 e - 2 potions of cancellation
 f - 3 potions of might
 h - 11 potions of curing
 i - 2 potions of haste
 n - a potion of mutation
 r - 2 potions of heal wounds
 t - 2 potions of resistance

Dungeon Overview and Level Annotations

Branches:
Dungeon (9/15)             Temple (1/1) D:4            Lair (4/5) D:9
  Swamp (0/4) Lair:2       Spider (0/4) Lair:2
  Slime: Lair:4-5       Orc: D:9-12

Altars:
Ashenzari
Cheibriados
Dithmenos
Elyvilon
Fedhas
Gozag
Hepliaklqana
Kikubaaqudgha
Makhleb
Nemelex Xobeh
Okawaru
Qazlal
Ru
Sif Muna
Trog
Vehumet
Wu Jian
Xom
Yredelemnul
Zin
The Shining One

Shops:
D:1 [   D:6 !(([   D:7 *   D:8 *:

Annotations:
D:6 1 runed translucent door, Crazy Yiuf


Message History

The blink frog is severely wounded.
The blink frog hits you!
The blink frog blinks!
You rip one of the six-headed hydra's heads off!
The five-headed hydra grows two more!
You claw the seven-headed hydra!
The seven-headed hydra is lightly wounded.
The blink frog blinks!
The seven-headed hydra bites you but does no damage.
The seven-headed hydra bites you!
The seven-headed hydra bites you but does no damage.
The seven-headed hydra bites you.
The seven-headed hydra barely misses you.
The seven-headed hydra bites you but does no damage.
The seven-headed hydra bites you!
You rip one of the seven-headed hydra's heads off!
The six-headed hydra grows two more!
You claw the eight-headed hydra!
The eight-headed hydra is lightly wounded.
11089 ||| Stepping ~*~*~tactically~*~*~ (outnumbered).
The eight-headed hydra attacks as you move away!
The eight-headed hydra barely misses you.
The eight-headed hydra bites you!
The eight-headed hydra closely misses you.
The eight-headed hydra bites you but does no damage.
The eight-headed hydra completely misses you.
The eight-headed hydra bites you but does no damage.
The eight-headed hydra misses you. x2
The blink frog blinks!
A yak comes into view.
11090 ||| Stepping ~*~*~tactically~*~*~ (outnumbered).
The blink frog attacks as you move away!
The blink frog closely misses you.
The eight-headed hydra attacks as you move away!
The eight-headed hydra bites you! x2; The eight-headed hydra bites you. x2
The eight-headed hydra bites you! x4
11091 ||| READING 6 scrolls of teleportation.
As you read the scroll of teleportation, it crumbles to dust.
You feel strangely unstable.
The blink frog blinks!
The eight-headed hydra barely misses you.
The eight-headed hydra bites you!
You die...

... .... ...~###
~.~~..~
~~~~~~~###
~~~~~~$..#
~~~~~~~..#
~..~~~~@#
F~<.~~FD### F#.
~~.~~~~l%.#.....
~~~~~~~.<...#
~~~~~~~.........
~~~~~.......#.#.
~.~~........Y..
##P.....#####.#
....##.## ...


You could see an eight-headed hydra, a komodo dragon, a yak and 2 blink frogs.

Vanquished Creatures
  5 hydras
  6 cane toads
  2 rime drakes
  A troll (D:9)
  A hornet (D:9)
  Prince Ribbit (D:7)
  4 blink frogs
  A jumping spider (Lair:2)
  4 wyverns
  3 fire elementals (Lair:3)
  23 yaks
  A redback (Lair:2)
  A basilisk (Lair:2)
  3 steam dragons
  6 vampire mosquitoes (Lair:2)
  Grum (Lair:1)
  3 water moccasins
  4 black bears
  2 sky beasts
  4 orc warriors
  An ice beast (D:6)
  19 wolves
  An ogre (D:6)
  2 centaurs
  12 bullfrogs
  2 scorpions
  A gnoll sergeant (D:8)
  4 wights (D:9)
  10 killer bees
  3 howler monkeys
  3 orc priests
  5 jellies
  3 iguanas
  Terence (D:2)
  4 orc wizards
  Ijyb (D:3)
  Natasha (D:2)
  4 gnolls (D:8)
  7 adders
  2 shadow imps
  3 worms
  3 dart slugs
  18 orcs
  8 ball pythons
  6 bats
  5 endoplasms
  2 giant cockroaches
  9 goblins
  6 hobgoblins
  3 quokkas
  3 frilled lizards (D:3)
  5 kobolds
  5 rats
238 creatures vanquished.

Vanquished Creatures (others)
  7 fungi
  9 plants
16 creatures vanquished.

Grand Total: 254 creatures vanquished

Notes
Turn   | Place    | Note
-------+----------+-------------------------------------------
     0 | D:1      | qw the Troll Cinder Acolyte began the quest for the Orb.
     0 | D:1      | Reached XP level 1. HP: 22/22 MP: 1/1
     0 | D:1      | 0 ||| qw: Version: 0.1-a-97-g2dd2ca4
     0 | D:1      | 0 ||| qw: Game counter: 4514
     0 | D:1      | 0 ||| qw: Always use a shield: true
     0 | D:1      | 0 ||| qw: God list: Okawaru
     0 | D:1      | 0 ||| qw: Allow faded altars: false
     0 | D:1      | 0 ||| qw: Do Orc after D:15 true
     0 | D:1      | 0 ||| qw: Do second Lair branch before Depths: true
     0 | D:1      | 0 ||| qw: Lair rune preference: random
     0 | D:1      | 0 ||| qw: Plans: Normal
     0 | D:1      | 0 ||| PLANNING D:1-11
    52 | D:1      | Found Nylixza's Antique Armour Emporium.
   358 | D:1      | 358 ||| Stepping ~*~*~tactically~*~*~ (stealth).
   814 | D:1      | 814 ||| Stepping ~*~*~tactically~*~*~ (stealth).
   815 | D:1      | 815 ||| Stepping ~*~*~tactically~*~*~ (stealth).
   821 | D:1      | Reached XP level 2. HP: 29/29 MP: 2/2
   963 | D:1      | 963 ||| UPGRADING to +0 cloak.
   968 | D:1      | 968 ||| DROPPING orb of guile.
   969 | D:1      | 969 ||| READING scroll labelled TEWACR DIAS.
   970 | D:1      | 970 ||| DRINKING 3 orange potions.
   971 | D:1      | 971 ||| DROPPING 2 potions of degeneration.
  1023 | D:2      | Noticed Terence
  1031 | D:2      | Killed Terence
  1032 | D:2      | Reached skill level 4 in Unarmed Combat
  1032 | D:2      | Reached XP level 3. HP: 33/36 MP: 3/3
  1294 | D:2      | 1294 ||| Stepping ~*~*~tactically~*~*~ (outnumbered).
  1338 | D:2      | Found a faded altar of an unknown god.
  1451 | D:2      | Noticed Natasha
  1463 | D:2      | Killed Natasha
  1464 | D:2      | Reached skill level 5 in Unarmed Combat
  1464 | D:2      | Reached XP level 4. HP: 38/44 MP: 4/4
  1643 | D:2      | Found a radiant altar of Vehumet.
  1719 | D:2      | 1719 ||| UPGRADING to ring of poison resistance.
  1720 | D:2      | 1720 ||| READING 2 scrolls labelled JOTTEU TESCHEI.
  1721 | D:2      | 1721 ||| READING scroll labelled ORROPTICIE.
  1725 | D:2      | 1725 ||| DRINKING 2 silvery potions.
  1726 | D:2      | 1726 ||| DROPPING potion of brilliance.
  1797 | D:3      | Found a sacrificial altar of Ru.
  1907 | D:3      | 1907 ||| Stepping ~*~*~tactically~*~*~ (stealth).
  1908 | D:3      | 1908 ||| Stepping ~*~*~tactically~*~*~ (stealth).
  1910 | D:3      | 1910 ||| Stepping ~*~*~tactically~*~*~ (hiding).
  1912 | D:3      | 1912 ||| Stepping ~*~*~tactically~*~*~ (hiding).
  1913 | D:3      | 1913 ||| Stepping ~*~*~tactically~*~*~ (hiding).
  1926 | D:3      | 1926 ||| Stepping ~*~*~tactically~*~*~ (outnumbered).
  1927 | D:3      | 1927 ||| Stepping ~*~*~tactically~*~*~ (outnumbered).
  1928 | D:3      | 1928 ||| Stepping ~*~*~tactically~*~*~ (outnumbered).
  1929 | D:3      | 1929 ||| Stepping ~*~*~tactically~*~*~ (outnumbered).
  1930 | D:3      | 1930 ||| Stepping ~*~*~tactically~*~*~ (outnumbered).
  1931 | D:3      | 1931 ||| Stepping ~*~*~tactically~*~*~ (outnumbered).
  1932 | D:3      | 1932 ||| Stepping ~*~*~tactically~*~*~ (outnumbered).
  1933 | D:3      | 1933 ||| Stepping ~*~*~tactically~*~*~ (outnumbered).
  1934 | D:3      | 1934 ||| Stepping ~*~*~tactically~*~*~ (outnumbered).
  1935 | D:3      | 1935 ||| Stepping ~*~*~tactically~*~*~ (outnumbered).
  1936 | D:3      | 1936 ||| Stepping ~*~*~tactically~*~*~ (outnumbered).
  2039 | D:3      | Noticed Ijyb
  2040 | D:3      | 2040 ||| INVOKING Fiery Armour.
  2042 | D:3      | 2042 ||| Stepping ~*~*~tactically~*~*~ (outnumbered).
  2044 | D:3      | 2044 ||| Stepping ~*~*~tactically~*~*~ (outnumbered).
  2045 | D:3      | 2045 ||| Stepping ~*~*~tactically~*~*~ (outnumbered).
  2059 | D:3      | Killed Ijyb
  2060 | D:3      | Reached skill level 1 in Throwing
  2060 | D:3      | Reached XP level 5. HP: 35/50 MP: 5/5
  2466 | D:3      | 2466 ||| DROPPING amulet of magic regeneration.
  2467 | D:3      | 2467 ||| READING scroll labelled VIOMAPLOMN.
  2468 | D:3      | 2468 ||| READING 2 scrolls labelled DAZOCI REZUHOTOOD.
  2569 | D:3      | 2569 ||| DRINKING 2 sedimented clear potions.
  2670 | D:3      | 2670 ||| READING 2 scrolls of identify.
  2670 | D:3      | 2670 ||| IDENTIFYING yellow potion
  2671 | D:3      | 2671 ||| DROPPING potion of berserk rage.
  2672 | D:3      | 2672 ||| DROPPING potion of ambrosia.
  2673 | D:3      | 2673 ||| DROPPING scroll of silence.
  2729 | D:4      | 2729 ||| Stepping ~*~*~tactically~*~*~ (outnumbered).
  2768 | D:4      | 2768 ||| Stepping ~*~*~tactically~*~*~ (stealth).
  2816 | D:4      | Reached skill level 6 in Unarmed Combat
  2842 | D:4      | 2842 ||| FLEEEEING.
  2924 | D:4      | Reached XP level 6. HP: 59/59 MP: 6/6
  3061 | D:4      | 3061 ||| Stepping ~*~*~tactically~*~*~ (hiding).
  3208 | D:4      | Found a staircase to the Ecumenical Temple.
  3606 | D:4      | Found a glowing silver altar of Zin.
  3609 | D:4      | Found a shadowy altar of Dithmenos.
  3705 | D:4      | 3705 ||| READING scroll labelled LOAMUK FOESIE.
  3746 | D:5      | Entered Level 5 of the Dungeon
  3747 | D:5      | 3747 ||| PLANNING SEWER
  3770 | D:5      | 3770 ||| Stepping ~*~*~tactically~*~*~ (stealth).
  3774 | D:5      | Reached skill level 7 in Unarmed Combat
  3799 | D:5      | 3799 ||| Stepping ~*~*~tactically~*~*~ (stealth).
  3852 | D:5      | 3852 ||| INVOKING Fiery Armour.
  3889 | D:5      | Identified the +0 scale mail of Lifelessness {rF++}
  3955 | D:5      | Found an ancient bone altar of Kikubaaqudgha.
  3966 | D:5      | Found a bloodstained altar of Trog.
  4068 | D:5      | Reached XP level 7. HP: 66/66 MP: 7/7
  4215 | D:5      | Found a radiant altar of Vehumet.
  4257 | D:5      | Reached skill level 8 in Unarmed Combat
  4357 | D:5      | 4357 ||| RIP SEWER
  4381 | D:5      | 4381 ||| PLANNING D:1-11
  4406 | D:5      | 4406 ||| Stepping ~*~*~tactically~*~*~ (stealth).
  4505 | D:5      | Found a glowing golden altar of the Shining One.
  4769 | D:5      | 4769 ||| UPGRADING to ring of protection from cold.
  4878 | D:6      | Found a broken altar of Ashenzari.
  4893 | D:6      | Found Tecwuoshrofra's Antique Weapon Emporium.
  4898 | D:6      | Found Qylycio's Antique Armour Emporium.
  4937 | D:6      | Reached skill level 3 in Fighting
  4942 | D:6      | Found a sparkling altar of Nemelex Xobeh.
  4949 | D:6      | Found Raipiqu's Weapon Shop.
  5146 | D:6      | Found Tiocseeph's Distillery.
  5154 | D:6      | 5154 ||| BUYING potion of curing (36 gold).
  5154 | D:6      | Bought a potion of curing for 36 gold pieces
  5154 | D:6      | 5154 ||| BUYING potion of curing (36 gold).
  5154 | D:6      | Bought a potion of curing for 36 gold pieces
  5154 | D:6      | 5154 ||| BUYING potion of haste (120 gold).
  5154 | D:6      | Bought a potion of haste for 120 gold pieces
  5218 | D:6      | Reached skill level 9 in Unarmed Combat
  5295 | D:6      | Found a runed translucent door.
  5296 | D:6      | Noticed Crazy Yiuf
  5496 | D:6      | 5496 ||| READING scroll labelled PUMUCO OSAFUT.
  5496 | D:6      | Identified a scroll of acquirement
  5496 | D:6      | 5496 ||| ACQUIRING ring "Guannu" {rPois rF++ Dex+6 SInv
                  | Stlth-}
  5496 | D:6      | Acquired the ring "Guannu" {rPois rF++ Dex+6 SInv Stlth-}
  5498 | D:6      | 5498 ||| UPGRADING to ring "Guannu" {rPois rF++ Dex+6 SInv
                  | Stlth-}.
  5500 | D:6      | 5500 ||| READING scroll labelled SAMIHO PINLACH.
  5501 | D:6      | 5501 ||| READING 2 scrolls labelled QIFAOTHR FAJI.
  5502 | D:6      | 5502 ||| DRINKING 2 purple potions.
  5503 | D:6      | 5503 ||| READING 2 scrolls of identify.
  5503 | D:6      | 5503 ||| IDENTIFYING bubbling red potion
  5504 | D:6      | 5504 ||| DROPPING potion of flight.
  5505 | D:6      | 5505 ||| DROPPING scroll of summoning.
  5532 | D:7      | Noticed a steam dragon
  5537 | D:7      | Killed a steam dragon
  5538 | D:7      | Reached skill level 1 in Dodging
  5538 | D:7      | Reached XP level 8. HP: 75/75 MP: 8/8
  5563 | D:7      | Noticed Prince Ribbit
  5571 | D:7      | Killed Prince Ribbit
  5573 | D:7      | 5573 ||| INVOKING Fiery Armour.
  5575 | D:7      | Reached skill level 10 in Unarmed Combat
  5657 | D:7      | 5657 ||| Stepping ~*~*~tactically~*~*~ (hiding).
  5660 | D:7      | 5660 ||| Stepping ~*~*~tactically~*~*~ (hiding).
  5726 | D:7      | Found a flagged portal.
  6020 | D:7      | Reached skill level 3 in Throwing
  6052 | D:7      | Found Xusaxt's Assorted Antiques.
  6080 | D:7      | 6080 ||| BUYING 2 potions of curing (132 gold).
  6080 | D:7      | Bought 2 potions of curing for 132 gold pieces
  6080 | D:7      | 6080 ||| SHOPLISTING ancient robe (125 gold, have 12).
  6080 | D:7      | 6080 ||| SHOPLISTING fizzy cyan potion (19 gold, have 12).
  6109 | D:7      | Reached XP level 9. HP: 70/84 MP: 9/9
  6127 | D:7      | 6127 ||| INVOKING Fiery Armour.
  6404 | D:7      | 6404 ||| UPGRADING to +0 steam dragon scales.
  6414 | D:7      | 6414 ||| DROPPING +0 robe.
  6415 | D:7      | 6415 ||| READING 2 scrolls labelled VUNOEM NIPHU.
  6416 | D:7      | 6416 ||| READING 4 scrolls of identify.
  6416 | D:7      | 6416 ||| IDENTIFYING smoky grey potion
  6417 | D:7      | 6417 ||| READING 3 scrolls of identify.
  6417 | D:7      | 6417 ||| IDENTIFYING cyan potion
  6418 | D:7      | 6418 ||| READING 2 scrolls of identify.
  6418 | D:7      | 6418 ||| IDENTIFYING fizzy cyan potion
  6419 | D:7      | 6419 ||| DROPPING potion of magic.
  6420 | D:7      | 6420 ||| DROPPING scroll of poison.
  6560 | D:8      | Reached skill level 1 in Armour
  6563 | D:8      | 6563 ||| Stepping ~*~*~tactically~*~*~ (stealth).
  6649 | D:8      | Found Agyiloek's General Store.
  6702 | D:8      | Found a stormy altar of Qazlal.
  6747 | D:8      | Reached skill level 11 in Unarmed Combat
  6753 | D:8      | 6753 ||| Stepping ~*~*~tactically~*~*~ (hiding).
  6754 | D:8      | 6754 ||| Stepping ~*~*~tactically~*~*~ (hiding).
  6772 | D:8      | 6772 ||| INVOKING Fiery Armour.
  6812 | D:8      | 6812 ||| Stepping ~*~*~tactically~*~*~ (hiding).
  6942 | D:8      | Found Noot's Book Emporium.
  7025 | D:9      | 7025 ||| INVOKING Fiery Armour.
  7195 | D:9      | 7195 ||| Stepping ~*~*~tactically~*~*~ (hiding).
  7207 | D:9      | 7207 ||| Stepping ~*~*~tactically~*~*~ (outnumbered).
  7208 | D:9      | 7208 ||| Stepping ~*~*~tactically~*~*~ (outnumbered).
  7209 | D:9      | 7209 ||| Stepping ~*~*~tactically~*~*~ (outnumbered).
  7210 | D:9      | 7210 ||| Stepping ~*~*~tactically~*~*~ (outnumbered).
  7212 | D:9      | 7212 ||| Stepping ~*~*~tactically~*~*~ (outnumbered).
  7213 | D:9      | 7213 ||| Stepping ~*~*~tactically~*~*~ (outnumbered).
  7214 | D:9      | 7214 ||| Stepping ~*~*~tactically~*~*~ (outnumbered).
  7215 | D:9      | 7215 ||| Stepping ~*~*~tactically~*~*~ (outnumbered).
  7216 | D:9      | 7216 ||| Stepping ~*~*~tactically~*~*~ (outnumbered).
  7217 | D:9      | 7217 ||| Stepping ~*~*~tactically~*~*~ (outnumbered).
  7218 | D:9      | 7218 ||| Stepping ~*~*~tactically~*~*~ (outnumbered).
  7219 | D:9      | 7219 ||| Stepping ~*~*~tactically~*~*~ (outnumbered).
  7220 | D:9      | 7220 ||| Stepping ~*~*~tactically~*~*~ (outnumbered).
  7221 | D:9      | 7221 ||| Stepping ~*~*~tactically~*~*~ (outnumbered).
  7225 | D:9      | Reached skill level 12 in Unarmed Combat
  7283 | D:9      | Found a shimmering altar of Xom.
  7288 | D:9      | 7288 ||| INVOKING Fiery Armour.
  7295 | D:9      | HP: 19/84 [wight/+5 dire flail (7)]
  7296 | D:9      | 7296 ||| READING 5 scrolls of teleportation.
  7300 | D:9      | HP: 18/88 [poisoned by a killer bee]
  7427 | D:9      | 7427 ||| Stepping ~*~*~tactically~*~*~ (stealth).
  7431 | D:9      | 7431 ||| Stepping ~*~*~tactically~*~*~ (stealth).
  7439 | D:9      | 7439 ||| Stepping ~*~*~tactically~*~*~ (outnumbered).
  7440 | D:9      | 7440 ||| Stepping ~*~*~tactically~*~*~ (outnumbered).
  7441 | D:9      | 7441 ||| Stepping ~*~*~tactically~*~*~ (outnumbered).
  7442 | D:9      | 7442 ||| Stepping ~*~*~tactically~*~*~ (outnumbered).
  7443 | D:9      | 7443 ||| Stepping ~*~*~tactically~*~*~ (outnumbered).
  7444 | D:9      | 7444 ||| Stepping ~*~*~tactically~*~*~ (outnumbered).
  7445 | D:9      | 7445 ||| Stepping ~*~*~tactically~*~*~ (outnumbered).
  7446 | D:9      | 7446 ||| Stepping ~*~*~tactically~*~*~ (outnumbered).
  7447 | D:9      | 7447 ||| Stepping ~*~*~tactically~*~*~ (outnumbered).
  7448 | D:9      | 7448 ||| Stepping ~*~*~tactically~*~*~ (outnumbered).
  7449 | D:9      | 7449 ||| Stepping ~*~*~tactically~*~*~ (outnumbered).
  7451 | D:9      | 7451 ||| Stepping ~*~*~tactically~*~*~ (outnumbered).
  7458 | D:9      | Reached XP level 10. HP: 74/96 MP: 10/10
  7496 | D:9      | Found a staircase to the Lair.
  7838 | D:9      | 7838 ||| PLANNING LAIR
  7838 | D:9      | 7838 ||| READING 2 scrolls labelled PABARI IQEXZO.
  7839 | D:9      | 7839 ||| DRINKING 3 fizzy clear potions.
  7840 | D:9      | 7840 ||| DROPPING scroll of noise.
  7885 | Lair:1   | Entered Level 1 of the Lair of Beasts
  7885 | Lair:1   | Noticed a seven-headed hydra
  7886 | Lair:1   | 7886 ||| INVOKING Fiery Armour.
  7887 | Lair:1   | Noticed a cane toad
  7888 | Lair:1   | 7888 ||| Stepping ~*~*~tactically~*~*~ (stealth).
  7893 | Lair:1   | Killed an eight-headed hydra
  7894 | Lair:1   | Reached skill level 6 in Throwing
  7899 | Lair:1   | Killed a cane toad
  7900 | Lair:1   | 7900 ||| Stepping ~*~*~tactically~*~*~ (stealth).
  7901 | Lair:1   | 7901 ||| Stepping ~*~*~tactically~*~*~ (stealth).
  7909 | Lair:1   | 7909 ||| Stepping ~*~*~tactically~*~*~ (stealth).
  7910 | Lair:1   | 7910 ||| Stepping ~*~*~tactically~*~*~ (stealth).
  7945 | Lair:1   | Reached skill level 13 in Unarmed Combat
  7957 | Lair:1   | Noticed Grum
  7964 | Lair:1   | Killed Grum
  8044 | Lair:1   | 8044 ||| Stepping ~*~*~tactically~*~*~ (stealth).
  8052 | Lair:1   | Reached skill level 3 in Dodging
  8117 | Lair:1   | Noticed a six-headed hydra
  8118 | Lair:1   | 8118 ||| INVOKING Fiery Armour.
  8122 | Lair:1   | Killed a nine-headed hydra
  8146 | Lair:1   | 8146 ||| Stepping ~*~*~tactically~*~*~ (hiding).
  8184 | Lair:1   | Noticed an eight-headed hydra
  8185 | Lair:1   | 8185 ||| Stepping ~*~*~tactically~*~*~ (stealth).
  8194 | Lair:1   | Killed a ten-headed hydra
  8195 | Lair:1   | Reached skill level 14 in Unarmed Combat
  8195 | Lair:1   | Reached XP level 11. HP: 70/102 MP: 11/11
  8318 | Lair:1   | Reached skill level 6 in Fighting
  8324 | Lair:1   | 8324 ||| Stepping ~*~*~tactically~*~*~ (stealth).
  8344 | Lair:1   | 8344 ||| Stepping ~*~*~tactically~*~*~ (outnumbered).
  8979 | Lair:2   | 8979 ||| Stepping ~*~*~tactically~*~*~ (stealth).
  8984 | Lair:2   | Reached skill level 15 in Unarmed Combat
  8994 | Lair:2   | 8994 ||| INVOKING Fiery Armour.
  9080 | Lair:2   | Found a staircase to the Swamp.
  9169 | Lair:2   | 9169 ||| Stepping ~*~*~tactically~*~*~ (stealth).
  9170 | Lair:2   | 9170 ||| Stepping ~*~*~tactically~*~*~ (stealth).
  9171 | Lair:2   | 9171 ||| Stepping ~*~*~tactically~*~*~ (stealth).
  9240 | Lair:2   | Found a hole to the Spider Nest.
  9378 | Lair:2   | 9378 ||| READING scroll of enchant armour.
  9378 | Lair:2   | 9378 ||| ENCHANTING +0 steam dragon scales.
  9438 | Lair:2   | 9438 ||| Stepping ~*~*~tactically~*~*~ (hiding).
  9544 | Lair:2   | 9544 ||| Stepping ~*~*~tactically~*~*~ (stealth).
  9683 | Lair:2   | 9683 ||| READING scroll labelled GUAPTUHISA.
  9684 | Lair:2   | 9684 ||| READING scroll labelled JICEP MALEOXT.
  9685 | Lair:2   | 9685 ||| READING 3 scrolls of identify.
  9685 | Lair:2   | 9685 ||| IDENTIFYING smoky white potion
  9686 | Lair:2   | 9686 ||| READING 2 scrolls of identify.
  9686 | Lair:2   | 9686 ||| IDENTIFYING bubbling cyan potion
  9687 | Lair:2   | 9687 ||| DROPPING potion of attraction.
  9688 | Lair:2   | 9688 ||| DROPPING potion of lignification.
  9732 | Lair:3   | 9732 ||| INVOKING Fiery Armour.
  9739 | Lair:3   | 9739 ||| Stepping ~*~*~tactically~*~*~ (outnumbered).
  9740 | Lair:3   | 9740 ||| Stepping ~*~*~tactically~*~*~ (outnumbered).
  9741 | Lair:3   | 9741 ||| Stepping ~*~*~tactically~*~*~ (outnumbered).
  9742 | Lair:3   | 9742 ||| Stepping ~*~*~tactically~*~*~ (outnumbered).
  9747 | Lair:3   | Reached skill level 16 in Unarmed Combat
  9874 | Lair:3   | 9874 ||| INVOKING Fiery Armour.
  9875 | Lair:3   | Noticed a five-headed hydra
  9876 | Lair:3   | 9876 ||| Stepping ~*~*~tactically~*~*~ (stealth).
  9877 | Lair:3   | 9877 ||| Stepping ~*~*~tactically~*~*~ (stealth).
  9878 | Lair:3   | 9878 ||| Stepping ~*~*~tactically~*~*~ (outnumbered).
  9889 | Lair:3   | Killed a seven-headed hydra
  9890 | Lair:3   | Reached XP level 12. HP: 109/118 MP: 12/12
  9917 | Lair:3   | Noticed an eight-headed hydra
  9924 | Lair:3   | Killed a ten-headed hydra
 10019 | Lair:3   | 10019 ||| PLANNING TEMPLE
 10019 | Lair:3   | 10019 ||| DROPPING +6 ring of intelligence.
 10058 | Lair:3   | 10058 ||| Stepping ~*~*~tactically~*~*~ (stealth).
 10059 | Lair:3   | 10059 ||| Stepping ~*~*~tactically~*~*~ (stealth).
 10326 | Temple   | Entered the Ecumenical Temple
 10373 | Temple   | 10373 ||| PLANNING CONVERSION TO OKAWARU
 10380 | Temple   | Fell from the grace of Ignis
 10380 | Temple   | Became a worshipper of Warmaster Okawaru
 10381 | Temple   | 10381 ||| PLANNING LAIR
 10733 | Lair:3   | 10733 ||| Stepping ~*~*~tactically~*~*~ (hiding).
 10734 | Lair:3   | 10734 ||| Stepping ~*~*~tactically~*~*~ (hiding).
 11081 | Lair:4   | Noticed a six-headed hydra
 11082 | Lair:4   | 11082 ||| Stepping ~*~*~tactically~*~*~ (outnumbered).
 11089 | Lair:4   | 11089 ||| Stepping ~*~*~tactically~*~*~ (outnumbered).
 11090 | Lair:4   | 11090 ||| Stepping ~*~*~tactically~*~*~ (outnumbered).
 11090 | Lair:4   | HP: 25/118 [eight-headed hydra (10)]
 11090 | Lair:4   | HP: 10/118 [eight-headed hydra (8)]
 11091 | Lair:4   | 11091 ||| READING 6 scrolls of teleportation.
 11091 | Lair:4   | Slain by an eight-headed hydra

Levels and vault maps discovered:
D:1:      arrival_zaba_pyramid, layout_loops_corners, serial_shops,
          nicolae_shop_advertising_works [nicolae_subvault_shop_adworks],
          minmay_door_square
D:2:      layout_basic, basic_altar, basic_ecumenical_altar, uniq_natasha,
          uniq_terence
D:3:      kennysheep_the_goblin_king, layout_basic,
          mainiacjoe_overflow_six_doors_small
D:4:      layout_basic, mainiacjoe_overflow_catwalk_spiral,
          minmay_temple_entry_poolview
D:5:      nicolae_cairo_tiling, layout_basic, kennysheep_little_box,
          mainiacjoe_overflow_catch_the_wave,
          nicolae_kikubaaqudgha_miasma_corner, portal_sewer_entry_d, hex_medium
D:6:      layout_cave_pools, nicolae_ashenzari_panopticon,
          mainiacjoe_overflow_brackets, serial_shops,
          nicolae_shop_bloodbath_and_beyond, nicolae_shop_overgrown_old_shop,
          shop, shop, uniq_crazy_yiuf_cottage
D:7:      layout_basic, enter_bailey_2, serial_shops,
          nicolae_shop_hallway_stairs, uniq_prince_ribbit1
D:8:      layout_rooms, nicolae_qazlal_style_of_elements, serial_shops,
          nicolae_shop_hallway_plus, kennysheep_small_square
D:9:      layout_long_grid, overflow_temple_1_default, lair_entry_dummy,
          serial_rivers, chequers_serial_rivers_micro_c,
          chequers_serial_rivers_micro_a, chequers_serial_rivers_small_3,
          chequers_serial_rivers_micro_b, chequers_serial_rivers_micro_e,
          chequers_serial_rivers_micro_b
Temple:   nicolae_temple_bog_church
Lair:1:   layout_gridlike, grunt_megastairs_2, lemuel_fruit_fields,
          lemuel_fruit_tree, uniq_grum
Lair:2:   layout_regular_city, minmay_swamp_entry_swarm, spider_nest_entry_a
Lair:3:   statuecave_lemuel, layout_chaotic_city
Lair:4:   beast_lair_carwin_large_3, layout_hall_layers, st_stairs_12,
          infiniplex_staircase_pool_2

Skill      XL: |  1  2  3  4  5  6  7  8  9 10 11 |
---------------+----------------------------------+-----
Unarmed Combat | 4 5 6 7 9 10 12 14 16 | 16.7
Throwing       | 1 3 4 6 |  6.0
Fighting       | 3 4 5 7 |  7.0
Dodging        | 1 2 3 |  3.0
Armour         | 1 2 |  2.1
Spellcasting   | |  1.0
Fire Magic     | |  2.1

Action                   |  1- 3 |  4- 6 |  7- 9 | 10-12 || total
-------------------------+-------+-------+-------+-------++-------
Melee: Unarmed           |    62 |   151 |   181 |   233 ||   627
       Punch             |     2 |     1 |     5 |    14 ||    22
Throw: Javelin           |       |    38 |    31 |    16 ||    85
       Large rock        |       |       |    13 |    32 ||    45
Invok: Fiery Armour      |       |     2 |     5 |     5 ||    12
  Use: Scroll            |     1 |     6 |     9 |     7 ||    23
       Potion            |     1 |     2 |     1 |     1 ||     5
Armor: Robe              |    28 |    42 |    26 |       ||    96
       Steam dragon scal |       |       |    35 |    98 ||   133
Dodge: Dodged            |    23 |    56 |    82 |   107 ||   268

Table legend:
 A = Non-vault XP
 B = Vault XP
 C = Vault XP percentage of total XP
 D = Non-vault monster count
 E = Vault monster count
 F = Vault count percentage of total count
                 A         B        C        D         E       F
            +---------+---------+-------+---------+---------+-------
      Total |   21597 |    3756 |  14.8 |     210 |      25 |  10.6
            +---------+---------+-------+---------+---------+-------
        D:1 |      12 |       0 |   0.0 |       7 |       0 |   0.0
        D:2 |      27 |      71 |  72.4 |      17 |       2 |  10.5
        D:3 |      81 |      47 |  36.7 |      21 |       7 |  25.0
        D:4 |     178 |       0 |   0.0 |      22 |       0 |   0.0
        D:5 |     425 |      14 |   3.2 |      12 |       1 |   7.7
        D:6 |     567 |       0 |   0.0 |       9 |       0 |   0.0
        D:7 |    1473 |     283 |  16.1 |      17 |       1 |   5.6
        D:8 |     601 |     183 |  23.3 |      11 |       1 |   8.3
        D:9 |    2507 |       0 |   0.0 |      25 |       0 |   0.0
     Lair:1 |    7195 |    1651 |  18.7 |      29 |       5 |  14.7
     Lair:2 |    1751 |    1507 |  46.3 |      13 |       8 |  38.1
     Lair:3 |    6521 |       0 |   0.0 |      26 |       0 |   0.0
     Lair:4 |     259 |       0 |   0.0 |       1 |       0 |   0.0
            +---------+---------+-------+---------+---------+-------
